 Dungeon Crawl Stone Soup version 0.24.0-1-gfbc8707122 (webtiles) character file.

Game seed: 13921612447222380131, levelgen mode: deterministic

102 iamserjio the Scratcher (level 4, -2/21 HPs)
             Began as a Felid Chaos Knight on Oct 26, 2019.
             Was a Plaything of Xom.
             Slain by an adder (4 damage)
             ... in a sewer.
             The game lasted 00:05:42 (3494 turns).

iamserjio the Scratcher (Felid Chaos Knight)        Turns: 3494, Time: 00:05:43

Health: -2/21      AC:  1    Str:  8 (9)  XL:     4   Next: 50%
Magic:  5/5        EV: 19    Int: 12 (14) God:    Xom [.*....]
Gold:   227        SH:  0    Dex: 12 (15) Spells: 3/3 levels left
                                        Lives:  0   Deaths: 1

rFire    . . .     SeeInvis +     - Unarmed
rCold    . . .     Gourm    .   (shield unavailable)
rNeg     . . .     Faith    .   (armour unavailable)
rPois    .         Spirit   .   (helmet unavailable)
rElec    .         Reflect  .   (cloak unavailable)
rCorr    .         Harm     .   (gloves unavailable)
MR       .....                  (boots unavailable)
Stlth    +.........             (no amulet)
HPRegen  0.07/turn              (no ring)
MPRegen  0.09/turn              (no ring)

@: flying (expiring), hasted, very quick
A: very small, no armour, no weapons or thrown items, stealth, claws 1, fangs 3,
see invisible, carnivore, speed 1, shaggy fur 1, slow metabolism 1, sharp paws
a: Renounce Religion


You were in a sewer.
You worshipped Xom.
You were a plaything of Xom.
You were completely stuffed.

You visited 1 branch of the dungeon, and saw 3 of its levels.
You visited the Abyss 1 time.
You also visited: Sewer.

You collected 227 gold pieces.

Inventory:

Missiles
 i - 20 arrows
 j - 39 stones
Scrolls
 c - 4 scrolls of identify {unknown}
 d - 3 scrolls of amnesia
 e - a scroll of fog {unknown}
 f - a scroll of fear {unknown}
 h - 4 scrolls of teleportation {unknown}
 m - a scroll of magic mapping {unknown}
 o - a scroll of enchant armour {unknown}
 q - a scroll of remove curse {unknown}
 r - a scroll of blinking {unknown}
Potions
 p - a potion of cancellation
Comestibles
 a - 4 rations


   Skills:
 - Level 3.0 Fighting
 + Level 5.0 Dodging
 * Level 5.3 Unarmed Combat


You had 3 spell levels left.
You didn't know any spells.
Your spell library was empty.

Dungeon Overview and Level Annotations

Branches:
Dungeon (3/15)              Sewer (1/1)

Altars:
Ashenzari
Dithmenos


Innate Abilities, Weirdness & Mutations

You cannot wear armour.
You are incapable of wielding weapons or throwing items.
Your paws allow you to move quietly. (Stealth)
You have sharp claws.
You have razor-sharp teeth.
You have supernaturally acute eyesight. (SInv)
You are carnivorous and can eat meat at any time.
You cover ground quickly.
You are covered in fur. (AC +1)
You have a slow metabolism.
Your sharp claws are effective at attacking unaware monsters.


Message History

You escape the ball python's grasp.
The adder completely misses you. The adder misses you.
The giant cockroach waves its antennae.
The ufetubus disappears in a puff of smoke!
The adder completely misses you.
The adder bites you but does no damage. "Hum-dee-hum-dee-hum..."
The adder seems to speed up.
The adder misses you. The adder completely misses you.
The adder closely misses you. The adder barely misses you.
You are starting to lose your buoyancy.
It was a potion of degeneration.
There was something very wrong with that liquid.
You feel weakened.
You feel dopey.
You feel clumsy. The adder bites you but does no damage. The adder bites you.
* * * LOW HITPOINT WARNING * * *
It was a potion of haste.
You feel yourself speed up. The adder misses you. The adder closely misses you.
The adder bites you.
You die...

#############
#≈≈≈.≈≈≈.≈≈.#####
#≈≈≈≈≈.≈≈≈≈≈..∩.###
#≈≈≈#########÷....##
#.≈≈≈@S≈S≈s≈####.≈∩#
#.≈.≈≈#####≈≈≈≈#####
####### #≈≈≈≈≈≈≈##
≈.≈ ####≈s≈.≈## ≈.#
###≈.≈.## ##.≈
##≈≈≈.# ##≈≈# ##≈≈≈#
#≈≈≈# #§§.≈ ##≈.≈#
##.≈≈


You could see an adder, a giant cockroach and a ball python.

Vanquished Creatures
  3 adders
  A river rat (D:3)
  3 oozes
  3 worms (D:2)
  2 dart slugs
  5 leopard geckos
  An orc (D:2)
  7 ball pythons
  8 giant cockroaches
  6 goblins
  5 hobgoblins
  10 jackals
  A quokka (D:2)
  4 bats
  9 frilled lizards
  7 kobolds
  3 rats
78 creatures vanquished.

Vanquished Creatures (collateral kills)
  A small abomination (Abyss:1)
  A white imp (Abyss:1)
  A dart slug (D:1)
  A leopard gecko (D:1)
  A hobgoblin (D:1)
5 creatures vanquished.

Vanquished Creatures (others)
  2 starspawn tentacles (Abyss:1)
2 creatures vanquished.

Grand Total: 85 creatures vanquished

Notes
Turn   | Place    | Note
-------+----------+-------------------------------------------
     0 | D:1      | iamserjio the Felid Chaos Knight began the quest for the
                  | Orb.
     0 | D:1      | Reached XP level 1. HP: 10/10 MP: 2/2
   113 | D:1      | XOM: butterfly on damage
   207 | D:1      | XOM: silly message
   297 | D:1      | Reached XP level 2. HP: 12/14 MP: 3/3
   461 | D:1      | XOM: harmless Tloc miscast
   692 | D:1      | XOM: potion effect (agility)
   693 | D:1      | XOM: cast spell 'Summon Ice Beast'
   907 | D:1      | Reached XP level 3. HP: 17/17 MP: 4/4
  1320 | D:2      | XOM: smoke on damage
  1626 | D:2      | XOM: medium Tloc miscast
  1626 | D:2      | Cast into level 1 of the Abyss (the capriciousness of Xom)
  1668 | Abyss:1  | Noticed a neqoxec
  1699 | Abyss:1  | XOM: enchant monster (bad)
  1700 | Abyss:1  | XOM: polymorph crimson imp -> iron imp
  1704 | Abyss:1  | Noticed a wretched star
  1728 | Abyss:1  | Noticed a tentacled starspawn
  1734 | Abyss:1  | Noticed a small abomination
  1739 | Abyss:1  | Noticed an orange demon
  1758 | Abyss:1  | XOM: mild Pois miscast
  1769 | Abyss:1  | XOM: cast spell 'Summon Mana Viper'
  1770 | Abyss:1  | Noticed a flying skull
  1776 | Abyss:1  | Killed a small abomination
  1776 | Abyss:1  | Reached XP level 4. HP: 10/21 MP: 5/5
  1776 | Abyss:1  | Noticed a large abomination
  1778 | Abyss:1  | XOM: mild Hex miscast
  1779 | D:2      | Escaped the Abyss
  2296 | D:2      | Found a shattered altar of Ashenzari.
  2312 | D:2      | Found a shadowy altar of Dithmenos.
  2641 | D:3      | XOM: stealth player
  2696 | D:3      | XOM: blink monster(s)
  2733 | D:3      | Found a glowing drain.
  2865 | D:3      | XOM: enchant monster (bad)
  2891 | Sewer    | Entered a sewer
  2892 | Sewer    | Reached skill level 5 in Unarmed Combat
  2954 | Sewer    | Reached XP level 5. HP: 21/24 MP: 6/6
  3100 | Sewer    | XOM: 2-stop teleportation journey
  3102 | Sewer    | XOM: smoke on damage
  3111 | Sewer    | XOM: confuse monster(s)
  3120 | Sewer    | Slain by an adder
  3121 | Sewer    | Reached XP level 4. HP: -1/21 MP: 5/5
  3252 | Sewer    | Reached skill level 5 in Dodging
  3444 | Sewer    | XOM: summons 2 hostile demons
  3465 | Sewer    | XOM: smoke on damage
  3468 | Sewer    | XOM: swap monsters
  3488 | Sewer    | XOM: enchant monster (bad)
  3494 | Sewer    | Slain by an adder

Levels and vault maps discovered:
D:1:      kilobyte_arrival_exit_the_forest, layout_rooms,
          minmay_misc_feat_diagonals
D:2:      layout_loops_ring, lemuel_round_altar, nicolae_overflow_hidden_temple,
          first_ration
D:3:      layout_rooms, portal_sewer_entry_a
Sewer:    sewer_frog_island_02

Skill      XL: |  1  2  3  4 |
---------------+-------------+-----
Unarmed Combat | 4 5 |  5.3
Dodging        | 4 5 |  5.0
Fighting       | |  3.0

Action                   |  1- 3 |  4- 6 || total
-------------------------+-------+-------++-------
Melee: Unarmed           |   115 |   121 ||   236
       Punch             |     1 |     1 ||     2
       Bite              |     9 |     7 ||    16
  Use: Potion            |     2 |     7 ||     9
       Scroll            |     1 |       ||     1
 Stab: Sleeping          |     3 |     4 ||     7
       Confused          |       |     1 ||     1
  Eat: Chunk             |     9 |     9 ||    18
Armor: Skin              |     5 |     8 ||    13
Dodge: Dodged            |    96 |   174 ||   270
